 Dungeon Crawl Stone Soup version 0.22-a0-135-g6f012ad (webtiles) character file.

129 mortelune the Skirmisher (level 4, 0/37 HPs)
             Began as a Demonspawn Abyssal Knight on Feb 2, 2018.
             Was a Believer of Lugonu.
             Slain by mortelune's ghost (12 damage)
             ... on level 3 of the Dungeon.
             The game lasted 00:07:46 (3852 turns).

mortelune the Skirmisher (DsAK)                     Turns: 3852, Time: 00:07:47

Health: 0/37       AC:  6    Str: 13    XL:     4   Next: 88%
Magic:  5/6        EV: 10    Int: 14    God:    Lugonu [**....]
Gold:   115        SH:  0    Dex: 12    Spells: 3/3 levels left

rFire    x . .     SeeInvis +   a - +1 falchion
rCold    + . .     Gourm    .   (no shield)
rNeg     . . .     Faith    .   j - +0 ring mail
rPois    .         Spirit   .   x - +0 helmet
rElec    .         Reflect  .   (no cloak)
rCorr    .         Harm     .   (no gloves)
MR       .....                  (no boots)
Stlth    ..........             (no amulet)
HPRegen  0.12/turn              p - ring of ice
MPRegen  0.10/turn              v - ring of see invisible

@: drained
A: hooves 2
a: Depart the Abyss, Bend Space, Renounce Religion


You were on level 3 of the Dungeon.
You worshipped Lugonu.
Lugonu was pleased with you.
You were not hungry.

You visited 1 branch of the dungeon, and saw 3 of its levels.
You visited the Abyss 1 time.

You collected 115 gold pieces.

Inventory:

Hand Weapons
 a - a +1 falchion (weapon)
Missiles
 e - 18 poisoned needles
Armour
 b - a +0 leather armour
 j - a +0 ring mail (worn)
 m - a +0 shield
 x - a +0 helmet (worn)
 y - a +0 ring mail
Jewellery
 p - a ring of ice (left hand)
 v - a ring of see invisible (right hand)
Wands
 u - a wand of iceblast (5)
 A - a wand of clouds (6)
Scrolls
 g - 2 scrolls of identify {unknown}
 l - a scroll of random uselessness {unknown}
 n - a scroll of noise {unknown}
 o - a scroll of immolation {unknown}
 q - a scroll of magic mapping {unknown}
 r - a scroll of amnesia {unknown}
 t - a scroll of enchant armour {unknown}
 w - a scroll of remove curse {unknown}
Potions
 f - 2 potions of curing {unknown}
 h - a potion of magic {unknown}
 i - a potion of invisibility
 k - a potion of haste {unknown}
 s - a potion of might {unknown}
 z - a potion of resistance {unknown}
Comestibles
 c - 8 rations
 d - a chunk of flesh


   Skills:
 + Level 3.8(2.8) Fighting
 * Level 3.4(2.5) Long Blades
 + Level 2.6(1.8) Armour
 - Level 0.8(0.0) Dodging
 + Level 2.6(1.8) Invocations


You had 3 spell levels left.
You didn't know any spells.

Dungeon Overview and Level Annotations

Branches:
Dungeon (3/15)

Altars:
Ashenzari
Fedhas
Kikubaaqudgha
Qazlal
Trog

Annotations:
D:2 exclusion: oklob plant
D:3 mortelune's ghost, novice DsIE


Innate Abilities, Weirdness & Mutations

You have hoof-like feet.


Message History

Lugonu accepts your kill.
You hit the orc but do no damage. The orc hits you but does no damage.
You hit the orc but do no damage. The orc barely misses you.
You riposte.
You hit the orc.
The orc is almost dead.
You completely miss the orc.
The orc is almost dead.
The orc hits you with a club.
You barely miss the orc.
The orc is almost dead.
The orc closely misses you.
You riposte.
You hit the orc.
You kill the orc!
Lugonu accepts your kill.
You miss mortelune's ghost. Mortelune's ghost hits you.
You are electrocuted!
You hit mortelune's ghost but do no damage.
Your kick misses mortelune's ghost. Mortelune's ghost hits you.
Mortelune's ghost closely misses you.
You hit mortelune's ghost but do no damage.
Mortelune's ghost hits you!
You are electrocuted!
You die...

?.......#
........#
........#
........#
♣.......#
♣......# ♣......#
♣.?.#'#W# P # #@#
#.# ###
#.###########.#
#.............#
#.###########.#
#...........#.#
#.#########.#.#.#
#.# ##..#...#.#
#.#####....####.#


You could see mortelune's ghost.

Vanquished Creatures
  A worker ant zombie (D:3)
  2 adders
  2 worms
  2 dart slugs
  5 leopard geckos
  9 orcs (D:3)
  10 bats
  4 giant cockroaches (D:1)
  10 goblins
  6 hobgoblins
  2 jackals (D:3)
  6 kobolds
  A quokka (D:3)
  7 frilled lizards
  5 rats
72 creatures vanquished.

Vanquished Creatures (others)
  10 toadstools (D:2)
10 creatures vanquished.

Grand Total: 82 creatures vanquished

Notes
Turn   | Place    | Note
-------+----------+-------------------------------------------
     0 | Abyss:1  | mortelune the Demonspawn Abyssal Knight began the quest for the Orb.
     0 | Abyss:1  | Reached XP level 1. HP: 18/18 MP: 2/2
     8 | Abyss:1  | Found a corrupted altar of Lugonu.
    65 | D:1      | Escaped the Abyss
   595 | D:1      | Gained mutation: You have large cloven feet. [demonic ancestry]
   595 | D:1      | Reached XP level 2. HP: 20/24 MP: 3/3
  1115 | D:1      | Reached * piety under Lugonu
  1440 | D:1      | Reached XP level 3. HP: 28/29 MP: 4/4
  1592 | D:2      | Found an ancient bone altar of Kikubaaqudgha.
  1593 | D:2      | Found a bloodstained altar of Trog.
  1593 | D:2      | Found a stormy altar of Qazlal.
  1865 | D:2      | Found a blossoming altar of Fedhas.
  1884 | D:2      | Noticed an oklob plant
  2059 | D:2      | Found a shattered altar of Ashenzari.
  2205 | D:2      | Reached ** piety under Lugonu
  2280 | D:2      | Gained mutation: You have hoof-like feet. [demonic ancestry]
  2280 | D:2      | Reached XP level 4. HP: 33/35 MP: 5/5
  3836 | D:3      | Noticed mortelune's ghost (novice DsIE)
  3852 | D:3      | Slain by mortelune's ghost

Vault maps used:
D:1:      dpeg_arrival_tiny_g
D:2:      ashenzari_altar_1, minitemple, first_ration, tgw_fedhas
D:3:      serial_forest, infiniplex_forest_end_3, infiniplex_forest_clump_small,
          infiniplex_forest_clump_curved, infiniplex_forest_end_2,
          infiniplex_forest_straight_3, infiniplex_forest_corner_1,
          infiniplex_forest_clump_tiny, infiniplex_forest_clump_double,
          grunt_decor_clamped, grunt_ministairs_7
Abyss:1:  evilmike_abyss_exit_16

Skill      XL: |  1  2  3 |
---------------+----------+-----
Long Blades    | 2 3 |  3.4
Armour         | 2 |  2.6
Fighting       | |  3.8
Dodging        | |  0.8
Invocations    | |  2.6

Action                   |  1- 3 |  4- 6 || total
-------------------------+-------+-------++-------
Melee: Falchion          |   110 |    75 ||   185
       Kick              |    16 |    16 ||    32
Invok: Depart the Abyss  |     1 |       ||     1
  Use: Potion            |     2 |       ||     2
  Eat: Chunk             |     4 |     5 ||     9
Armor: Leather armour    |     6 |       ||     6
       Ring mail         |    42 |    25 ||    67
       Skin              |     1 |       ||     1
Dodge: Dodged            |    84 |    34 ||   118
       Rpst.: Falchion   |    34 |    12 ||    46

Table legend:
 A = Spawn XP
 B = Non-spawn XP
 C = Spawn XP percentage of total XP
 D = Spawn monster count
 E = Non-spawn monster count
 F = Spawn count percentage of total count
 G = Total turns spent on level
                    A         B        C        D         E        F      G
               +---------+---------+-------+---------+---------+-------+---------
         Total |       0 |     185 |   0.0 |       0 |      72 |   0.0 |  3852
               +---------+---------+-------+---------+---------+-------+---------
           D:1 |       0 |      44 |   0.0 |       0 |      24 |   0.0 |  1465
           D:2 |       0 |      59 |   0.0 |       0 |      25 |   0.0 |  1496
           D:3 |       0 |      82 |   0.0 |       0 |      23 |   0.0 |   826
               +---------+---------+-------+---------+---------+-------+---------
